 Dungeon Crawl Stone Soup version 0.30.1-11-g7821555f0a (webtiles) character file.

Game seed: 2363622834262013715

7 rumournova the Prestidigitator (level 2, 0/23 HPs)
             Began as a Gnoll Wanderer on Nov 18, 2023.
             Slain by a hobgoblin (2 damage)
             ... on level 1 of the Dungeon.
             The game lasted 00:04:50 (141 turns).

rumournova the Prestidigitator (Gnoll Wanderer)      Turns: 141, Time: 00:04:52

Health: 0/23       AC:  8    Str: 10    XL:     2   Next: 0%
Magic:  5/5        EV:  5    Int: 12    God:
Gold:   0          SH:  0    Dex: 11    Spells: 5/6 levels left

rFire   . . .        a - +0 sling
rCold   . . .        (no shield)
rNeg    . . .        f - +0 chain mail
rPois   .            (no helmet)
rElec   .            (no cloak)
rCorr   .            (no gloves)
SInv    .            (no boots)
Will    .....        (no amulet) Stlth
                     (no ring)
HPRegen 0.23/turn    (no ring)
MPRegen 0.09/turn

%: no passive effects
@: no status effects
A: fangs 1, strong nose, distributed training
a: no special abilities


You were on level 1 of the Dungeon.
You visited 1 branch of the dungeon, and saw 1 of its levels.

Inventory:

Hand Weapons
 a - a +0 sling (weapon)
Armour
 f - a +0 chain mail (worn)
Scrolls
 c - a scroll of blinking
Potions
 d - a potion of flight {unknown}
Miscellaneous
 b - a piece from Xom's chessboard (15/15)


   Skills:
 + Level 2.4 Fighting
 + Level 0.2 Short Blades
 + Level 0.2 Long Blades
 + Level 0.2 Axes
 + Level 0.2 Maces & Flails
 + Level 0.2 Polearms
 + Level 0.2 Staves
 + Level 4.4 Ranged Weapons
 + Level 0.2 Throwing
 + Level 0.2 Armour
 + Level 0.2 Dodging
 + Level 0.2 Stealth
 + Level 0.2 Shields
 + Level 0.2 Unarmed Combat
 + Level 2.6 Spellcasting
 + Level 0.1 Conjurations
 + Level 0.1 Hexes
 + Level 0.1 Summonings
 + Level 0.1 Necromancy
 + Level 3.6 Translocations
 + Level 0.1 Transmutations
 + Level 0.1 Fire Magic
 + Level 0.1 Ice Magic
 + Level 0.1 Air Magic
 + Level 0.1 Earth Magic
 + Level 0.1 Poison Magic
 + Level 0.3 Invocations
 + Level 8.4 Evocations


You had 5 spell levels left.
You knew the following spells:

 Your Spells              Type           Power      Damage    Failure   Level
a - Apportation           Tloc           20%        N/A       95%         1

Your spell library contained the following spells:

 Spells                   Type           Power      Damage    Failure   Level
 Gell's Gravitas          Tloc           10%        N/A       100%        3
 Passage of Golubria      Tloc           10%        N/A       100%        4


Dungeon Overview and Level Annotations

Branches:
Dungeon (1/15)

Altars:


Innate Abilities, Weirdness & Mutations

You have very sharp teeth.
Your uncanny sense of smell can sniff out nearby items.
Your experience applies equally to all skills.


Message History

The hobgoblin barely misses you.
The hobgoblin hits you but does no damage.
You shoot a sling bullet.
The sling bullet hits the hobgoblin but does no damage.
The hobgoblin hits you but does no damage.
The hobgoblin barely misses you.
You shoot a sling bullet.
The sling bullet closely misses the hobgoblin.
The goblin hits you with a +0 club.
The hobgoblin hits you but does no damage.
The goblin hits you but does no damage.
The hobgoblin hits you but does no damage.
You shoot a sling bullet.
The sling bullet closely misses the hobgoblin.
The goblin hits you but does no damage.
The hobgoblin hits you but does no damage.
You shoot a sling bullet.
The sling bullet hits the hobgoblin but does no damage.
The goblin hits you with a +0 club.
The hobgoblin hits you but does no damage.
The hobgoblin hits you. The goblin hits you with a +0 club.
You shoot a sling bullet. The sling bullet hits the hobgoblin.
The hobgoblin is moderately wounded.
The goblin barely misses you.
The hobgoblin hits you but does no damage.
The hobgoblin completely misses you. The goblin hits you but does no damage.
You shoot a sling bullet.
The sling bullet closely misses the hobgoblin.
The goblin hits you but does no damage.
The hobgoblin hits you but does no damage. x2
The goblin hits you with a +0 club.
* * * LOW HITPOINT WARNING * * *
You shoot a sling bullet.
The sling bullet hits the hobgoblin but does no damage.
The hobgoblin is moderately wounded.
The goblin hits you but does no damage. The hobgoblin barely misses you.
The goblin hits you with a +0 club.
* * * LOW HITPOINT WARNING * * *
The hobgoblin hits you.
You die...

#.........# #(........#
#.........# .
#.........# . .#
#....?....##.. ..###
.##...........# ......
...........##.# ......
......g....##.# ......
......g@...##.###......
#####....†...[..........
.......................
#.....~~~~~........~~~.
...~~~~~~~~~~~.....~~~~
.~~~~~~~~≈≈≈≈~~~....~~≈≈
~~~~~≈~≈≈≈≈≈≈~~~....####
~~≈≈≈≈≈≈≈≈≈≈≈~~†...##
≈≈≈≈≈≈≈≈≈≈≈≈≈~~.[.[#


You could see a hobgoblin and a goblin.

Vanquished Creatures
  A bat (D:1)
  A giant cockroach (D:1)
  A hobgoblin (D:1)
  A quokka (D:1)
  A ball python (D:1)
  A frilled lizard (D:1)
6 creatures vanquished.

Notes
Turn   | Place    | Note
-------+----------+-------------------------------------------
     0 | D:1      | rumournova the Gnoll Wanderer began the quest for the Orb.
     0 | D:1      | rumournova set off with the following items: a +0 sling, a
                  | piece from Xom's chessboard (15/15), a scroll of blinking,
                  | a +0 robe; and the following spell memorised: Apportation;
                  | and the following spells available to memorise: Gell's
                  | Gravitas, Passage of Golubria.
     0 | D:1      | Reached XP level 1. HP: 17/17 MP: 4/4
   122 | D:1      | Reached XP level 2. HP: 18/23 MP: 5/5
   141 | D:1      | Slain by a hobgoblin

Illustrated notes

Levels and vault maps discovered:
D:1:      minmay_arrival_shoal_huts, layout_basic, interstate_on_off

Action                     || total
---------------------------++-------
   Fire: Sling             ||    36
 Armour: Robe              ||    13
         Chain mail        ||    20
  Dodge: Dodged            ||    33
